 Dungeon Sprint DCSS version 0.29.1-1-gd02db6906a (webtiles) character file.

Game seed: 6531928396250751930

42473 Groucho the Severer (level 14, -4/151 HPs)
             Began as a Naga Fighter on Oct 9, 2022.
             Was the Champion of Cheibriados.
             Killed by divine providence
             ... invoked by a balrug
              (14 damage)
             ... in the Dungeon (Sprint VII: "The Pits").
             The game lasted 00:11:58 (7052 turns).

Groucho the Severer (Naga Fighter)                  Turns: 7052, Time: 00:11:58

Health: -4/151     AC: 31    Str: 34    XL:     14   Next: 20%
Magic:  23/26      EV: 11    Int: 30    God:    Cheibriados [******]
Gold:   19         SH: 25    Dex: 27    Spells: 29/30 levels left

rFire   . . .      SeeInvis +   K - +5 broad axe
rCold   . . .      Faith    .   H - +2 tower shield {AC+3}
rNeg    . . .      Spirit   .   u - +4 chain mail
rPois   +          Reflect  .   a - +0 helmet
rElec   .          Harm     .   t - +0 cloak
rCorr   .          Rampage  .   E - +2 pair of gloves {hurl}
Will    +....      NoTele   +   (no barding)
Stlth   ..........              (no amulet)
HPRegen 0.35/turn               q - +3 ring of intelligence
MPRegen 0.20/turn               r - +3 ring of protection

@: very slow
A: AC +4, large, see invisible, deformed body, poison resistance, slowness 2,
spit poison 1, naga tail 2
a: Spit Poison, Renounce Religion, Bend Time, Temporal Distortion, Slouch, Step
From Time


You were in the Dungeon.
You worshipped Cheibriados.
Cheibriados was exalted by your worship.
You visited 1 branch You collected 19 gold pieces.

Inventory:

Hand Weapons
 g - the +7 arbalest "Baepsy" {penet, rF+ Dex+2}
   (You found it in the Dungeon)

   Any ammunition fired by it passes through the targets it hits, potentially
   hitting all targets in its path until it reaches maximum range.
   Dex:       It affects your dexterity (+2).
   rF:        It protects you from fire.
 K - a +5 broad axe (weapon)
Missiles
 n - 26 stones
 p - 3 boomerangs (quivered)
 F - 4 throwing nets
Armour
 a - a +0 helmet (worn)
 c - a +5 plate armour
 t - a +0 cloak (worn)
 u - a +4 chain mail (worn)
 E - a +2 pair of gloves of hurling (worn)
 H - a +2 tower shield of protection (worn)
 I - a +1 cloak
 J - a +1 helmet
Jewellery
 q - a +3 ring of intelligence (left hand)
 r - a +3 ring of protection (right hand)
 B - a ring of fire
 C - a ring of protection from fire
 D - the ring "Jemearch" {Contam rN+ Str+6 Slay+3 Stlth+}
   (You found it in the Dungeon)

   [ring of strength]

   Str:       It affects your strength (+6).
   Slay:      It affects your accuracy & damage with ranged weapons and melee
   (+3).
   rN:        It protects you from negative energy.
   Contam:    It causes magical contamination when unequipped.
   Stlth:     It makes you more stealthy.
Wands
 o - a wand of paralysis (2)
 G - a wand of quicksilver (8)
Scrolls
 e - 3 scrolls of butterflies
 j - a scroll of blinking
 l - 5 scrolls of amnesia
 m - a scroll of summoning
 v - 6 scrolls of enchant armour
 w - 3 scrolls of fear
 y - 2 scrolls of enchant weapon
 A - a scroll of identify
Potions
 b - 8 potions of curing
 d - 2 potions of might
 f - 12 potions of heal wounds
 h - 4 potions of magic
 i - 4 potions of berserk rage
 k - 2 potions of invisibility
 s - 3 potions of brilliance
 x - 3 potions of resistance
 z - 3 potions of mutation


   Skills:
 + Level 16.9 Fighting
 + Level 17.1 Axes
 * Level 15.1 Armour
 * Level 6.8 Dodging
 * Level 16.3 Shields
 + Level 8.9 Spellcasting
 + Level 4.2 Translocations
 - Level 15.0 Invocations


You had 29 spell levels left.
You knew the following spells:

 Your Spells              Type           Power      Damage    Failure   Level
a - Apportation           Tloc           76%        N/A       4%          1

Your spell library contained the following spells:

 Spells                   Type           Power      Damage    Failure   Level
 Necrotise                Necr           52%        1d6       26%         1
 Summon Small Mammal      Summ           52%        N/A       26%         1
 Ignite Poison            Fire/Tmut/Pois 13%        N/A       63%         3
 Corpse Rot               Necr/Pois/Air  13%        N/A       95%         4
 Hailstorm                Conj/Ice       13%        3d5       95%         4
 Ice Form                 Ice/Tmut       13%        N/A       95%         4
 Alistair's Intoxication  Tmut/Pois      8%         N/A       100%        5
 Simulacrum               Ice/Necr       6%         N/A       100%        6
 Necromutation            Tmut/Necr      6%         N/A       100%        8


Dungeon Overview and Level Annotations

Branches:
Dungeon (1/1)

Altars:
Ashenzari
Cheibriados
Dithmenos
Elyvilon
Fedhas
Gozag
Hepliaklqana
Kikubaaqudgha
Makhleb
Nemelex Xobeh
Okawaru
Qazlal
Ru
Sif Muna
Trog
Uskayaw
Vehumet
Wu Jian
Xom
Yredelemnul
Zin
The Shining One
Jiyva
Lugonu


Innate Abilities, Weirdness & Mutations

Your serpentine skin is tough. (AC +4)
You have supernaturally acute eyesight. (SInv)
Armour fits poorly on your strangely shaped body.
Your system is resistant to poisons. (rPois)
You cover ground very slowly.
You can spit poison.
You can use your snake-like lower body to constrict enemies.


Message History

You kill the death knight!
Cheibriados appreciates the change of pace.
You slash the steam dragon! You grab the steam dragon.
The steam dragon is heavily wounded.
You constrict the steam dragon. The steam dragon breathes steam at you.
The ball of steam hits you!
You hear a shout!
You hear a deafening roar!
You hear a shout!
You slice the steam dragon!!
You kill the steam dragon!
Cheibriados appreciates the change of pace.
The steam dragon scales are intact enough to wear.
You are engulfed in a cloud of scalding steam.
You hear a howl!
No target in view!
No target in view!
No target in view!
A boulder beetle, a balrug and an orc wizard come into view.
The balrug is wielding a +1 demon whip of draining.
The balrug shouts!
The orc wizard shouts!
The balrug gestures at you.
The fireball explodes!
The fireball engulfs you!!!
A ball python skeleton comes into view.
A merfolk aquamancer comes into view.
It is wielding a +4 rapier of protection.
The merfolk aquamancer gestures wildly while chanting.
The merfolk aquamancer blinks!
A merfolk comes into view.
It is wielding the +1 trident of the Undead {vamp, *Rage Str+4 Dex+6}.
The boulder beetle moves out of view.
The orc wizard moves out of view.
Unknown command.
The merfolk aquamancer attacks as you move away!
The merfolk aquamancer hits you with a +4 rapier of protection!
* * * LOW HITPOINT WARNING * * *
The merfolk aquamancer points at you and mumbles some strange words.
The shard of ice hits you!!
* * * LOW HITPOINT WARNING * * *
You block the balrug's attack. The balrug barely misses you.
The merfolk aquamancer closely misses you.
The balrug gestures at you. Something smites you!
You die...

#....................'
#..################..# #..# #.#
#..# #..# #m# #..# #..# #Z# #..#
#..# #.# #..# #..##)# #..#
#..#2##############..#
############...m@...............#
_________.##.......)............#
_________.###########++##########
_______...###########++##########
#########'##................##..#
.?..')))'.##......#..#......##..#
#########.##................''..#
...........'................''..#
'#####'#####......#..#......##...


You could see a balrug and a merfolk aquamancer.

Vanquished Creatures
  A deep elf blademaster (D)
  Donald (D)
  3 orc warlords (D)
  A war gargoyle (D)
  A green draconian (D)
  A purple draconian (D)
  A vampire knight (D)
  A white draconian (D)
  A mummy priest (D)
  A deep elf death mage (D)
  A yaktaur captain (D)
  A boulder beetle (D)
  2 hydras (D)
  A great orb of eyes (D)
  Harold (D)
  3 vault guards (D)
  A naga warrior (D)
  A merfolk avatar (D)
  A death knight (D)
  A two-headed ogre (D)
  A catoblepas (D)
  An anaconda (D)
  A sun demon (D)
  5 deep elf knights (D)
  A sea snake (D)
  2 deep trolls (D)
  A bog body (D)
  14 orc knights (D)
  A phantasmal warrior (D)
  3 deep elf pyromancers (D)
  2 cyclopes (D)
  A rust devil (D)
  A merfolk siren (D)
  3 molten gargoyles (D)
  An orange demon (D)
  A kobold demonologist (D)
  4 yaktaurs (D)
  2 ice devils (D)
  2 red devils (D)
  2 trolls (D)
  6 blink frogs (D)
  2 hornets (D)
  A flying skull (D)
  An air elemental (D)
  A water elemental (D)
  A spriggan (D)
  A fire elemental (D)
  A basilisk (D)
  A steam dragon (D)
  Grum (D)
  A redback (D)
  2 vampire mosquitoes (D)
  Menkaure (D)
  Edmund (D)
  A water moccasin (D)
  A floating eye (D)
  A swamp drake (D)
  6 orc warriors (D)
  9 wolves (D)
  An ogre (D)
  A centaur (D)
  A scorpion (D)
  7 wights (D)
  5 killer bees (D)
  2 orc priests (D)
  A gnoll bouda (D)
  A hound (D)
  An iguana (D)
  Ijyb (D)
  2 orc wizards (D)
  A hell rat (D)
  7 gnolls (D)
  A river rat (D)
  A white imp (D)
  An ufetubus (D)
  An adder skeleton (D)
  2 worms (D)
  8 orcs (D)
  A bat zombie (D)
  A goblin (D)
  A hobgoblin (D)
  A quokka (D)
  2 ball python skeletons (D)
  A ball python zombie (D)
  3 frilled lizards (D)
168 creatures vanquished.

Notes
Turn   | Place    | Note
-------+----------+-------------------------------------------
     0 | D        | Groucho the Naga Fighter began the quest for the Orb.
     0 | D        | Reached XP level 1. HP: 21/21 MP: 1/1
    37 | D        | Found a bloodstained altar of Trog.
    37 | D        | Found a shimmering blue altar of Sif Muna.
    37 | D        | Found a viscous altar of Jiyva.
    37 | D        | Found a hazy altar of Hepliaklqana.
    37 | D        | Found an opulent altar of Gozag.
    38 | D        | Found a glowing golden altar of the Shining One.
    38 | D        | Found a glowing silver altar of Zin.
    38 | D        | Found a basalt altar of Yredelemnul.
    38 | D        | Found a shimmering altar of Xom.
    38 | D        | Found an ornate altar of the Wu Jian Council.
    38 | D        | Found a sacrificial altar of Ru.
    38 | D        | Found a stormy altar of Qazlal.
    38 | D        | Found an iron altar of Okawaru.
    38 | D        | Found a sparkling altar of Nemelex Xobeh.
    38 | D        | Found a burning altar of Makhleb.
    38 | D        | Found a blossoming altar of Fedhas.
    38 | D        | Found a white marble altar of Elyvilon.
    38 | D        | Found a shadowy altar of Dithmenos.
    38 | D        | Found a snail-covered altar of Cheibriados.
    42 | D        | Found a corrupted altar of Lugonu.
    42 | D        | Found a radiant altar of Vehumet.
    43 | D        | Found a broken altar of Ashenzari.
    43 | D        | Found an ancient bone altar of Kikubaaqudgha.
    43 | D        | Found a hide-covered altar of Uskayaw.
    49 | D        | Became a worshipper of Cheibriados the Contemplative
    72 | D        | Reached * piety under Cheibriados
    73 | D        | Reached skill level 1 in Invocations
    73 | D        | Reached XP level 2. HP: 5/28 MP: 2/2
   445 | D        | Reached ** piety under Cheibriados
   448 | D        | Noticed a scorpion
   457 | D        | Killed a scorpion
   458 | D        | Reached skill level 4 in Axes
   458 | D        | Reached XP level 3. HP: 15/37 MP: 3/5
   458 | D        | Reached XP level 4. HP: 19/45 MP: 3/6
   829 | D        | Reached *** piety under Cheibriados
   891 | D        | Noticed Ijyb
   897 | D        | Reached **** piety under Cheibriados
   898 | D        | Reached skill level 5 in Fighting
   903 | D        | Reached skill level 5 in Axes
   903 | D        | Reached skill level 5 in Shields
   903 | D        | Reached XP level 5. HP: 42/54 MP: 6/8
   912 | D        | Reached ***** piety under Cheibriados
   913 | D        | Reached skill level 5 in Invocations
   913 | D        | Killed Ijyb
   914 | D        | Reached skill level 5 in Armour
   914 | D        | Reached XP level 6. HP: 36/62 MP: 3/10
   933 | D        | Reached skill level 6 in Axes
  1236 | D        | Noticed a kobold demonologist
  1237 | D        | Noticed an orange demon
  1246 | D        | Killed a kobold demonologist
  1247 | D        | Reached skill level 7 in Axes
  1247 | D        | Reached XP level 7. HP: 28/72 MP: 1/12
  1546 | D        | Noticed Edmund
  1546 | D        | Noticed Menkaure
  1548 | D        | Killed Menkaure
  1548 | D        | Killed Edmund
  1890 | D        | Noticed a molten gargoyle
  1890 | D        | Noticed a flying skull
  1891 | D        | Killed a flying skull
  1892 | D        | Reached skill level 8 in Axes
  1892 | D        | Reached XP level 8. HP: 82/82 MP: 8/14
  1896 | D        | Killed a molten gargoyle
  2020 | D        | Noticed a two-headed ogre
  2021 | D        | Noticed an orc knight
  2024 | D        | Reached skill level 9 in Axes
  2025 | D        | Killed an orc knight
  2026 | D        | Reached skill level 10 in Invocations
  2026 | D        | Reached XP level 9. HP: 80/93 MP: 4/16
  2026 | D        | Killed a two-headed ogre
  2026 | D        | Reached ****** piety under Cheibriados
  2027 | D        | Reached skill level 10 in Fighting
  2027 | D        | Reached skill level 10 in Axes
  2395 | D        | Noticed a molten gargoyle
  2395 | D        | Noticed a troll
  2396 | D        | Killed a molten gargoyle
  2398 | D        | Killed a troll
  2399 | D        | Reached XP level 10. HP: 103/103 MP: 12/18
  2447 | D        | Noticed a deep elf knight
  2447 | D        | Noticed a phantasmal warrior
  2450 | D        | Reached skill level 10 in Shields
  2450 | D        | Killed a deep elf knight
  2454 | D        | Killed a phantasmal warrior
  2455 | D        | Reached skill level 11 in Axes
  2866 | D        | Noticed a deep troll
  2875 | D        | Killed a deep troll
  3297 | D        | Noticed a cyclops
  3301 | D        | Killed a cyclops
  3302 | D        | Reached skill level 10 in Armour
  3321 | D        | Noticed a molten gargoyle
  3333 | D        | Killed a molten gargoyle
  3334 | D        | Noticed a deep troll
  3339 | D        | Killed a deep troll
  3340 | D        | Reached XP level 11. HP: 58/114 MP: 9/20
  3733 | D        | Noticed a sun demon
  3736 | D        | Reached skill level 12 in Axes
  3736 | D        | Killed a sun demon
  4268 | D        | Noticed a cyclops
  4269 | D        | Noticed Grum
  4269 | D        | Noticed a sea snake
  4270 | D        | Noticed a boulder beetle
  4270 | D        | Killed Grum
  4271 | D        | Killed a sea snake
  4272 | D        | Reached skill level 13 in Axes
  4272 | D        | Killed a boulder beetle
  4273 | D        | Killed a cyclops
  4655 | D        | Got the ring "Jemearch" {Contam rN+ Str+6 Slay+3 Stlth+}
  4724 | D        | Noticed a six-headed hydra
  4728 | D        | Killed a six-headed hydra
  5091 | D        | Noticed a catoblepas
  5102 | D        | Killed a catoblepas
  5103 | D        | Reached XP level 12. HP: 103/127 MP: 13/22
  5394 | D        | Noticed a merfolk avatar
  5398 | D        | Killed a merfolk avatar
  5795 | D        | Reached skill level 14 in Axes
  5795 | D        | Reached skill level 15 in Invocations
  5796 | D        | Noticed Harold
  5800 | D        | Killed Harold
  5801 | D        | Reached skill level 1 in Spellcasting
  5833 | D        | Noticed a deep elf death mage
  5833 | D        | Noticed a vault guard
  5833 | D        | Noticed a deep elf knight
  5833 | D        | Noticed an orc warlord
  5834 | D        | Noticed an orc warlord
  5834 | D        | Noticed an orc warlord
  5834 | D        | Noticed a vault guard
  5834 | D        | Noticed a deep elf knight
  5834 | D        | Paralysed by an air elemental for 1 turns
  5834 | D        | Noticed a deep elf knight
  5834 | D        | Noticed a vault guard
  5834 | D        | Noticed a yaktaur captain
  5834 | D        | Noticed a green draconian
  5834 | D        | Noticed a deep elf knight
  5836 | D        | Killed a vault guard
  5836 | D        | Killed a deep elf knight
  5836 | D        | Killed a deep elf knight
  5837 | D        | Killed a vault guard
  5837 | D        | Killed a deep elf death mage
  5837 | D        | Killed a vault guard
  5837 | D        | Killed a deep elf knight
  5837 | D        | Killed a deep elf knight
  5838 | D        | Reached skill level 15 in Axes
  5838 | D        | Gained mutation: You can use your snake-like lower body to
                  | constrict enemies. [Naga growth]
  5838 | D        | Reached XP level 13. HP: 50/140 MP: 5/24
  5838 | D        | Killed an orc warlord
  5838 | D        | Killed a green draconian
  5838 | D        | Killed a yaktaur captain
  5839 | D        | Reached skill level 16 in Axes
  5839 | D        | Reached skill level 15 in Shields
  5840 | D        | Killed an orc warlord
  5843 | D        | Killed an orc warlord
  6443 | D        | Noticed a mummy priest
  6453 | D        | Killed a mummy priest
  6583 | D        | Got the +8 war axe "Wanepn" {venom, *Corrode rPois rF+
                  | Stlth+}
  6667 | D        | Learned a level 1 spell: Apportation
  6689 | D        | Noticed a great orb of eyes
  6689 | D        | Noticed a deep elf blademaster
  6689 | D        | Noticed a purple draconian
  6689 | D        | Noticed a white draconian
  6689 | D        | Noticed Donald
  6692 | D        | Killed a great orb of eyes
  6692 | D        | Killed a deep elf blademaster
  6693 | D        | Reached skill level 5 in Dodging
  6693 | D        | Killed Donald
  6693 | D        | Killed a purple draconian
  6693 | D        | Killed a white draconian
  6694 | D        | Reached XP level 14. HP: 126/151 MP: 4/26
  6698 | D        | Got Sif Muna's Secrets of the Altered Black Widow
  6702 | D        | Got the +7 arbalest "Baepsy" {penet, rF+ Dex+2}
  7022 | D        | Noticed a war gargoyle
  7023 | D        | Reached skill level 17 in Axes
  7026 | D        | Killed a war gargoyle
  7027 | D        | Reached skill level 15 in Armour
  7027 | D        | Noticed a vampire knight
  7036 | D        | Killed a vampire knight
  7051 | D        | Noticed a balrug
  7051 | D        | Identified the +1 trident of the Undead {vamp, *Rage Str+4
                  | Dex+6}
  7052 | D        | Killed from afar by a balrug

Illustrated notes

Levels and vault maps discovered:
D:        pitsprint [storerooms_1, entrance_room_1, metal_vault_2, armoury_3,
          mini_pit_1, grid_room_1, main_hall_1, silver_pit, the_coven_2,
          the_vestibule_1, steel_vault_4, golden_pit, hallway_of_sentries,
          crystal_vault_6, iron_vault_5, final_vault]

Skill      XL: |  1  2  3  4  5  6  7  8  9 10 11 12 13 14 |
---------------+-------------------------------------------+-----
Shields        | 3 4 5 6 7 9 11 12 14 15 16 | 16.3
Invocations    | 1 3 4 5 7 8 10 11 12 14 15 | 15.0
Armour         | 3 4 5 6 7 8 9 10 11 13 14 15 | 15.1
Fighting       | 4 5 6 7 8 9 10 12 13 16 | 16.9
Axes           | 4 5 7 8 9 10 11 13 15 16 17 | 17.1
Spellcasting   | 7 8 |  8.9
Dodging        | 5 6 |  6.8
Translocations | 3 4 |  4.2

Action                   |  1- 3 |  4- 6 |  7- 9 | 10-12 | 13-15 || total
-------------------------+-------+-------+-------+-------+-------++-------
Melee: War axe           |    32 |    41 |     8 |    43 |    21 ||   145
       Constrict         |       |       |       |       |     9 ||     9
       Broad axe         |       |       |       |       |    25 ||    25
Throw: Boomerang         |       |       |     1 |     2 |       ||     3
Invok: Slouch            |       |     3 |     6 |    29 |    11 ||    49
  Use: Potion            |     1 |     1 |       |       |     1 ||     3
Armor: Scale mail        |    17 |     2 |       |       |       ||    19
       Plate armour      |       |    16 |       |       |       ||    16
       Chain mail        |       |       |     1 |    67 |    13 ||    81
Dodge: Dodged            |    19 |    14 |       |    32 |     5 ||    70
Block: Buckler           |    10 |    11 |     2 |    38 |    10 ||    71
       Tower shield      |       |       |       |       |    32 ||    32
